BSA
ST CHARLES SHEENS @ SO CAL BRUINS
09/06/2028
 
TOP OF THE 1ST
St Charles Sheens batting - Pitching for So Cal Bruins : RHP Alejandro Méndez
Pitching: RHP Alejandro Méndez
Batting: RHB Miguel Palácios 0-0: Called Strike
0-1: Swinging Strike
0-2: SINGLE (Line Drive, 9LM)
Batting: LHB Marcos Cantú 0-0: Grounds into double play, 4-6-3 (Groundball, 4)
Batting: LHB Larry Howard 0-0: Swinging Strike
0-1: Ball
1-1: Ball
2-1: Foul Ball, location: 2F
2-2: Strikes out swinging
Top of the 1st over - 0 run(s), 1 hit(s), 0 error(s), 0 left on base; St Charles 0 - So Cal 0
BOTTOM OF THE 1ST
So Cal Bruins batting - Pitching for St Charles Sheens : RHP Jesús Andrade
Pitching: RHP Jesús Andrade
Batting: LHB Jesús Campos 0-0: Fly out, F5 (Popup, 56D)
Batting: RHB Lawrence Schroeder 0-0: Ball
1-0: Foul Ball, location: 2F
1-1: Foul Ball, location: 2F
1-2: Foul Ball, location: 2F
1-2: Strikes out swinging
Batting: RHB Earl Wiggins 0-0: Ground out 6-3 (Groundball, 6)
Bottom of the 1st over - 0 run(s), 0 hit(s), 0 error(s), 0 left on base; St Charles 0 - So Cal 0
TOP OF THE 2ND
St Charles Sheens batting - Pitching for So Cal Bruins : RHP Alejandro Méndez
Batting: RHB Max Rash 0-0: SINGLE (Groundball, 5D)
Batting: LHB Juan Jose Rojas 0-0: Ball
1-0: Foul Ball, location: 2F
1-1: Called Strike
1-2: Strikes out swinging
Batting: RHB Greg Handrahan 0-0: Ball
1-0: Ball
2-0: Fly out, F9 (Flyball, 89M)
Batting: RHB Ben Dougherty 0-0: Ball
1-0: Ball
2-0: Called Strike
2-1: Foul Ball, location: 2F
2-2: Fly out, F9 (Flyball, 9S)
Top of the 2nd over - 0 run(s), 1 hit(s), 0 error(s), 1 left on base; St Charles 0 - So Cal 0
BOTTOM OF THE 2ND
So Cal Bruins batting - Pitching for St Charles Sheens : RHP Jesús Andrade
Batting: LHB José Antonio Santiago 0-0: Ball
1-0: Called Strike
1-1: Foul Ball, location: 2F
1-2: SINGLE (Line Drive, 89S)
Batting: RHB Rubén Calderón 0-0: Foul Ball, location: 2F
0-1: Foul Ball, location: 2F
0-2: Ball
1-2: Strikes out looking
Batting: LHB Kiyonaga Morita 0-0: Ball
1-0: Ball
2-0: Ball
3-0: Called Strike
3-1: Ground out 3-1 (Groundball, 23)
José Antonio Santiago to second
Batting: LHB Jeff Carter 0-0: Ball
1-0: Ball
2-0: Foul Ball, location: 2F
2-1: Ground out 4-3 (Groundball, 4)
Bottom of the 2nd over - 0 run(s), 1 hit(s), 0 error(s), 1 left on base; St Charles 0 - So Cal 0
TOP OF THE 3RD
St Charles Sheens batting - Pitching for So Cal Bruins : RHP Alejandro Méndez
Batting: RHB Miguel Encarnación 0-0: Called Strike
0-1: Swinging Strike
0-2: Strikes out swinging
Batting: RHB Jesús Hernández 0-0: Called Strike
0-1: Foul Ball, location: 2F
0-2: Strikes out looking
Batting: RHB Miguel Palácios 0-0: Ball
1-0: Ball
2-0: SINGLE (Groundball, 34D)
Batting: LHB Marcos Cantú 0-0: Called Strike
Miguel Palácios is caught stealing 2nd base
Top of the 3rd over - 0 run(s), 1 hit(s), 0 error(s), 0 left on base; St Charles 0 - So Cal 0
BOTTOM OF THE 3RD
So Cal Bruins batting - Pitching for St Charles Sheens : RHP Jesús Andrade
Batting: LHB César Valentín 0-0: Ball
1-0: Foul Ball, location: 2F
1-1: Ball
2-1: Ball
3-1: Base on Balls
Batting: RHB Eugene Gill 0-0: Ball
1-0: Called Strike
1-1: Foul Ball, location: 2F
1-2: Ball
2-2: Strikes out swinging
Batting: LHB Jesús Campos 0-0: SINGLE (Line Drive, 89S)
César Valentín to second
Batting: RHB Lawrence Schroeder 0-0: Ball
1-0: Called Strike
1-1: Foul Ball, location: 2F
1-2: Grounds into double play, 4-6-3 (Groundball, 4)
Bottom of the 3rd over - 0 run(s), 1 hit(s), 0 error(s), 1 left on base; St Charles 0 - So Cal 0
TOP OF THE 4TH
St Charles Sheens batting - Pitching for So Cal Bruins : RHP Alejandro Méndez
Batting: LHB Marcos Cantú 0-0: Foul Ball, location: 2F
0-1: Foul Ball, location: 2F
0-2: Ground out 5-3 (Groundball, 5)
Batting: LHB Larry Howard 0-0: Single, Error in OF, E8, batter to second base
Batting: RHB Max Rash 0-0: Ball
1-0: Ball
2-0: Foul Ball, location: 2F
2-1: Ball
3-1: Called Strike
3-2: Fly out, F6 (Popup, 6D)
Batting: LHB Juan Jose Rojas 0-0: Ball
1-0: Ball
2-0: Ball
3-0: Called Strike
3-1: Base on Balls
Batting: RHB Greg Handrahan 0-0: 3-RUN HOME RUN (Flyball, 78XD), Distance : 391 ft
Batting: RHB Ben Dougherty 0-0: Called Strike
0-1: Ball
1-1: Called Strike
1-2: Strikes out swinging
Top of the 4th over - 3 run(s), 2 hit(s), 1 error(s), 0 left on base; St Charles 3 - So Cal 0
BOTTOM OF THE 4TH
So Cal Bruins batting - Pitching for St Charles Sheens : RHP Jesús Andrade
Batting: RHB Earl Wiggins 0-0: SOLO HOME RUN (Flyball, 7LD), Distance : 355 ft
Batting: LHB José Antonio Santiago 0-0: Ball
1-0: Ball
2-0: Called Strike
2-1: Ball
3-1: Foul Ball, location: 2F
3-2: Foul Ball, location: 2F
3-2: Base on Balls
Batting: RHB Rubén Calderón 0-0: Called Strike
0-1: Ball
1-1: Swinging Strike
1-2: Fly out, F6 (Popup, 6MD)
Batting: LHB Kiyonaga Morita 0-0: Ball
1-0: SINGLE (Groundball, 4MD)
José Antonio Santiago to second
Runner from 2nd tries for 3rd, SAFE, throw made to third
Batting: LHB Jeff Carter 0-0: Ball
1-0: Ball
2-0: Called Strike
2-1: Called Strike
2-2: Ball
3-2: Base on Balls
Kiyonaga Morita to second
Batting: LHB César Valentín 0-0: Ball
1-0: Foul Ball, location: 2F
1-1: Called Strike
1-2: Foul Ball, location: 2F
1-2: Fielders Choice at 2nd, 3-6 (Groundball, 34)
José Antonio Santiago scores
Kiyonaga Morita to third
Batting: RHB Eugene Gill 0-0: Ball
1-0: Called Strike
1-1: Ball
2-1: Called Strike
2-2: Foul Ball, location: 2F
2-2: Ball
3-2: Base on Balls
César Valentín to second
Batting: LHB Jesús Campos 0-0: Called Strike
0-1: Called Strike
0-2: Strikes out swinging
Bottom of the 4th over - 2 run(s), 2 hit(s), 0 error(s), 3 left on base; St Charles 3 - So Cal 2
TOP OF THE 5TH
St Charles Sheens batting - Pitching for So Cal Bruins : RHP Alejandro Méndez
Batting: RHB Miguel Encarnación 0-0: Called Strike
0-1: Ball
1-1: Foul Ball, location: 2F
1-2: Ball
2-2: Foul Ball, location: 2F
2-2: Foul Ball, location: 2F
2-2: Strikes out swinging
Batting: RHB Jesús Hernández 0-0: Ball
1-0: Swinging Strike
1-1: Ball
2-1: Ball
3-1: Foul Ball, location: 2F
3-2: Base on Balls
Batting: RHB Miguel Palácios 0-0: Ball
Wild Pitch!
Jesús Hernández to second
1-0: Ball
2-0: Foul Ball, location: 2F
2-1: Called Strike
2-2: SINGLE (Line Drive, 89S)
Jesús Hernández to third
Runner from 3rd tries for Home, SAFE, no throw
Batting: LHB Marcos Cantú 0-0: Ball
Miguel Palácios steals 2nd base
1-0: Ball
2-0: Ball
3-0: Base on Balls
Batting: LHB Larry Howard 0-0: Ball
1-0: Ball
2-0: Fly out, F7 (Line Drive, 78D)
Batting: RHB Max Rash 0-0: Ball
1-0: Foul Ball, location: 2F
1-1: Ball
2-1: Foul Ball, location: 2F
2-2: Ball
3-2: Foul Ball, location: 2F
3-2: Foul Ball, location: 2F
3-2: SINGLE (Groundball, 56D)
Miguel Palácios to third
Marcos Cantú to second
Miguel Palácios scores
Marcos Cantú to third
Pitching: RHP Kazuo Mochizuki
Batting: LHB Juan Jose Rojas 0-0: Ball
1-0: Ball
2-0: Ball
3-0: Called Strike
3-1: Fly out, F9 (Flyball, 9S)
Top of the 5th over - 2 run(s), 2 hit(s), 0 error(s), 2 left on base; St Charles 5 - So Cal 2
BOTTOM OF THE 5TH
So Cal Bruins batting - Pitching for St Charles Sheens : RHP Jesús Andrade
Batting: RHB Lawrence Schroeder 0-0: Ball
1-0: Foul Ball, location: 2F
1-1: Swinging Strike
1-2: Strikes out swinging
Batting: RHB Earl Wiggins 0-0: Ball
1-0: Ball
2-0: Foul Ball, location: 2F
2-1: Foul Ball, location: 2F
2-2: Ball
3-2: SINGLE (Groundball, 56D)
Batting: LHB José Antonio Santiago 0-0: Ball
1-0: Ball
2-0: Ball
3-0: Called Strike
3-1: Called Strike
3-2: Base on Balls
Earl Wiggins to second
Pitching: RHP Pedro Santiago
Batting: RHB Rubén Calderón 0-0: Foul Ball, location: 2F
0-1: Ball
1-1: Swinging Strike
1-2: Strikes out swinging
Batting: LHB Kiyonaga Morita 0-0: Foul Ball, location: 2F
0-1: Fielders Choice at 2nd, 6-4 (Groundball, 6)
Bottom of the 5th over - 0 run(s), 1 hit(s), 0 error(s), 1 left on base; St Charles 5 - So Cal 2
TOP OF THE 6TH
St Charles Sheens batting - Pitching for So Cal Bruins : RHP Kazuo Mochizuki
Batting: RHB Greg Handrahan 0-0: Fly out, F4 (Line Drive, 4M)
Batting: RHB Ben Dougherty 0-0: Ball
1-0: Called Strike
1-1: Foul Ball, location: 2F
1-2: Ball
2-2: Ground out 6-3 (Groundball, 6)
Batting: RHB Miguel Encarnación 0-0: Called Strike
0-1: Fly out, F6 (Popup, 6)
Top of the 6th over - 0 run(s), 0 hit(s), 0 error(s), 0 left on base; St Charles 5 - So Cal 2
BOTTOM OF THE 6TH
So Cal Bruins batting - Pitching for St Charles Sheens : RHP Pedro Santiago
Batting: LHB Jeff Carter 0-0: Ball
1-0: Foul Ball, location: 2F
1-1: Ground out 4-3 (Groundball, 34)
Batting: LHB César Valentín 0-0: Ball
1-0: Ground out 4-3 (Groundball, 34D)
Batting: RHB Eugene Gill 0-0: Ball
1-0: Called Strike
1-1: SINGLE (Groundball, 56D)
Batting: LHB Jesús Campos 0-0: Ball
1-0: Foul Ball, location: 2F
1-1: Ball
2-1: Called Strike
2-2: Ball
3-2: Fly out, F8 (Flyball, 8LD)
Bottom of the 6th over - 0 run(s), 1 hit(s), 0 error(s), 1 left on base; St Charles 5 - So Cal 2
TOP OF THE 7TH
St Charles Sheens batting - Pitching for So Cal Bruins : RHP Kazuo Mochizuki
Batting: RHB Jesús Hernández 0-0: Called Strike
0-1: Ball
1-1: Ball
2-1: Fly out, F7 (Line Drive, 7)
Batting: RHB Miguel Palácios 0-0: Called Strike
0-1: Ball
1-1: Ground out 5-3 (Groundball, 5S)
Batting: LHB Marcos Cantú 0-0: Swinging Strike
0-1: Ground out 3-1 (Groundball, 34)
Top of the 7th over - 0 run(s), 0 hit(s), 0 error(s), 0 left on base; St Charles 5 - So Cal 2
BOTTOM OF THE 7TH
So Cal Bruins batting - Pitching for St Charles Sheens : RHP Pedro Santiago
Batting: RHB Lawrence Schroeder 0-0: Called Strike
0-1: Ball
1-1: Ball
2-1: Ground out 6-3 (Groundball, 6S)
Batting: RHB Earl Wiggins 0-0: Ball
1-0: SINGLE (Groundball, 6D)
Batting: LHB José Antonio Santiago 0-0: Ball
1-0: Called Strike
1-1: Fly out, F8 (Flyball, 8LS)
Batting: RHB Rubén Calderón 0-0: Called Strike
0-1: Ball
1-1: Ball
2-1: SINGLE (Groundball, 5S) (infield hit)
Earl Wiggins to second
Batting: LHB Kiyonaga Morita 0-0: Swinging Strike
0-1: 3-RUN HOME RUN (Flyball, 78XD), Distance : 401 ft
Batting: LHB Jeff Carter 0-0: Ball
1-0: Swinging Strike
1-1: Ball
2-1: SOLO HOME RUN (Flyball, 9LD), Distance : 359 ft
Pitching: RHP Irwin Conway
Batting: LHB César Valentín 0-0: Called Strike
0-1: Swinging Strike
0-2: DOUBLE (Groundball, 3L)
Batting: RHB Eugene Gill 0-0: Ball
1-0: SINGLE (Flyball, 8RM)
César Valentín to third
Runner from 3rd tries for Home, SAFE, no throw
Batting: LHB Jesús Campos 0-0: Ball
Eugene Gill is caught stealing 2nd base
Bottom of the 7th over - 5 run(s), 6 hit(s), 0 error(s), 0 left on base; St Charles 5 - So Cal 7
TOP OF THE 8TH
St Charles Sheens batting - Pitching for So Cal Bruins : RHP Kazuo Mochizuki
Batting: LHB Larry Howard 0-0: Foul Ball, location: 2F
0-1: Ball
1-1: Ball
2-1: Ball
3-1: Swinging Strike
3-2: Base on Balls
Pitching: RHP Masahiko Okada
Batting: RHB Max Rash 0-0: Called Strike
0-1: Foul Ball, location: 2F
0-2: Fly out, F7 (Flyball, 7D)
Runner from 1st tags up, SAFE at 2nd
Pitching: LHP Juan Fuentes
Batting: LHB Juan Jose Rojas 0-0: Called Strike
0-1: Swinging Strike
0-2: SINGLE (Line Drive, 78S)
Larry Howard to third
Runner from 3rd tries for Home, SAFE, no throw
Pitching: RHP Kitahachi Okada
Batting: RHB Greg Handrahan 0-0: Ball
1-0: Ball
2-0: Swinging Strike
2-1: Grounds into double play, 4-6-3 (Groundball, 4)
Top of the 8th over - 1 run(s), 1 hit(s), 0 error(s), 0 left on base; St Charles 6 - So Cal 7
BOTTOM OF THE 8TH
So Cal Bruins batting - Pitching for St Charles Sheens : RHP Irwin Conway
Batting: LHB Jesús Campos 0-0: Called Strike
0-1: Foul Ball, location: 2F
0-2: Ball
1-2: Foul Ball, location: 2F
1-2: SINGLE (Line Drive, 34D)
Batting: RHB Lawrence Schroeder 0-0: Ball
Wild Pitch!
Jesús Campos to second
1-0: Called Strike
1-1: Foul Ball, location: 2F
1-2: Foul Ball, location: 2F
1-2: Foul Ball, location: 2F
1-2: Ball
2-2: Ball
3-2: SINGLE (Groundball, 25) (infield hit)
Jesús Campos to third
Batting: RHB Earl Wiggins 0-0: Ball
1-0: Ball
2-0: Foul Ball, location: 2F
2-1: Fly out, F8 (Flyball, 8LS)
Runner from 3rd tags up, SCORES, no throw
Batting: LHB José Antonio Santiago 0-0: Ball
1-0: Foul Ball, location: 2F
1-1: Foul Ball, location: 2F
1-2: Ball
2-2: Fly out, F9 (Flyball, 89D)
Batting: RHB Rubén Calderón 0-0: Ball
1-0: Called Strike
1-1: Foul Ball, location: 2F
1-2: SINGLE (Groundball, 56D)
Lawrence Schroeder to second
Batting: LHB Kiyonaga Morita 0-0: Fly out, F7 (Flyball, 7S)
Bottom of the 8th over - 1 run(s), 3 hit(s), 0 error(s), 2 left on base; St Charles 6 - So Cal 8
TOP OF THE 9TH
St Charles Sheens batting - Pitching for So Cal Bruins : RHP Kitahachi Okada
Pitching: RHP Marty Burgess
Batting: RHB Ben Dougherty 0-0: Ball
1-0: Ball
2-0: Swinging Strike
2-1: Ball
3-1: Fly out, F9 (Flyball, 89S)
Batting: RHB Miguel Encarnación 0-0: Ball
1-0: Ball
2-0: Foul Ball, location: 2F
2-1: Called Strike
2-2: Foul Ball, location: 2F
2-2: Ball
3-2: Base on Balls
Batting: RHB Jesús Hernández 0-0: Grounds into double play, 5-4-3 (Groundball, 5L)
Top of the 9th over - 0 run(s), 0 hit(s), 0 error(s), 0 left on base; St Charles 6 - So Cal 8
Tuesday, August 8th, 2017 - OOTP Baseball 17.12 Build 75